 Dungeon Crawl Stone Soup version 0.17.0-1-g61d176b (console) character file.

52 gw the Vandal (level 4, -1/31 HPs)
             Began as a Halfling Hunter on Nov 7, 2015.
             Slain by Robin
             ... wielding a +3 vampiric trident
              (5 damage)
             ... on level 2 of the Dungeon.
             The game lasted 00:02:06 (1841 turns).

gw the Vandal (Halfling Hunter)                     Turns: 1841, Time: 00:02:06

Health: -1/31      AC: 11    Str: 12    XL:     4   Next: 8%
Magic:  4/4        EV:  8    Int: 10    God:
Gold:   18         SH:  0    Dex: 15    Spells: 0 memorised, 3 levels left

rFire  . . .     SeeInvis .     c - +0 short sword
rCold  . . .     Clarity  .     i - +0 chain mail
rNeg   . . .     SustAt   .     (shield restricted)
rPois  .         Gourm    .     (no helmet)
rElec  .         Spirit   .     (no cloak)
rCorr  .         Warding  .     g - +2 pair of gloves
rMut   .         Stasis   .     (no boots)
MR     .....                    (no amulet)
Stlth  ..........               (no ring)
                                (no ring)

@: not resistant to hostile enchantments, extremely unstealthy
A: mutation resistance 1
a: no special abilities


You were on level 2 of the Dungeon.
You were hungry.

You visited 1 branch of the dungeon, and saw 2 of its levels.

You collected 18 gold pieces.

Inventory:

Hand Weapons
 c - a +0 short sword (weapon)
Missiles
 a - 45 stones (quivered)
 b - 29 sling bullets
 f - 11 silver bolts
Armour
 g - a +2 pair of gloves (worn)
 i - a +0 chain mail (worn)
Comestibles
 e - a bread ration


   Skills:
 + Level 3.0 Fighting
   Level 5.8 Slings
 + Level 2.1 Armour
 - Level 2.1 Dodging
 - Level 1.1 Stealth


You had 3 spell levels left.
You didn't know any spells.

Dungeon Overview and Level Annotations

Branches:
Dungeon (2/15)

Altars:

Annotations:
D:2 Robin, Terence


Innate Abilities, Weirdness & Mutations

You are small and have problems with some larger weapons.
You are somewhat resistant to further mutation.


Message History

Unknown command.
Unknown command.
Unknown command.
MOVING TO (-1,-1)
The hobgoblin misses you. Robin hits you but does no damage.
You see here 8 stones.
Unknown command.
Unknown command.
Unknown command.
ATTACK MOVE TO (0,1)
You barely miss the hobgoblin. The hobgoblin barely misses you.
Terence hits you but does no damage.
Unknown command.
Unknown command.
Unknown command.
Unknown command.
ATTACK MOVE TO (0,1)
Your chain mail prevents you from hitting the hobgoblin.
Robin hits you with a vampiric trident.
You die...

#)# #.# #.###
###...###
###~~...~~###
##~~~~...~~~~#
#~~~##'''##~~~~
#~~~#.....# ~~~
#pg(#.....# .$
#g@g#....%# .
##(##.....#
#.(.#.....#
#.(.#.....#
#...#.....#
##'##....)##
#............#
#............#


You could see Terence, Robin, a hobgoblin (frenzied) and a goblin (frenzied).

Table legend:
 A = Turns spent in this place as a percentage of turns spent in the entire game.
 B = Non-inter-level travel turns spent in this place as a percentage of non-inter-level travel turns spent in the entire game.
 C = Inter-level travel turns spent in this place as a percentage of turns spent in this place.
 D = Turns resting spent in this place as a percentage of non-inter-level travel turns spent in this place.
 E = Turns spent auto-exploring this place as a percentage of non-inter-level travel turns spent in this place.
 F = Non-inter-level travel turns spent in this place divided by the number of levels of this place that you've seen.
                   A       B       C       D       E      F
               +-------+-------+-------+-------+-------+----------------------
         Total | 100.0 | 100.0 |   0.2 |   1.0 |   1.7 | 1539.0
       Dungeon | 100.0 | 100.0 |   0.2 |   1.0 |   1.7 | 1539.0
               +-------+-------+-------+-------+-------+----------------------

Table legend:
 A = Kills in this place as a percentage of kills in entire the game.
 B = Kills by you in this place as a percentage of kills by you in the entire game.
 C = Kills by friends in this place as a percentage of kills by friends in the entire game.
 D = Other kills in this place as a percentage of other kills in the entire game.
 E = Experience gained in this place as a percentage of experience gained in the entire game.
 F = Experience gained in this place divided by the number of levels of this place that you have seen.
                   A       B       C       D       E      F
               +-------+-------+-------+-------+-------+----------------------
         Total | 100.0 | 100.0 |  -nan |  -nan | 100.0 |  37.5
       Dungeon | 100.0 | 100.0 |  -nan |  -nan | 100.0 |  37.5
               +-------+-------+-------+-------+-------+----------------------

Vanquished Creatures
  An ooze (D:1)
  11 bats
  2 giant cockroaches
  13 goblins
  2 hobgoblins
  8 jackals
  2 giant newts
  3 kobolds (D:1)
  A rat (D:1)
43 creatures vanquished.

Notes
Turn   | Place    | Note
--------------------------------------------------------------
     0 | D:1      | gw the Halfling Hunter began the quest for the Orb.
     0 | D:1      | Reached XP level 1. HP: 14/14 MP: 1/1
   244 | D:1      | Reached XP level 2. HP: 19/19 MP: 2/2
   254 | D:1      | Reached skill level 1 in Armour
   670 | D:1      | Reached XP level 3. HP: 15/25 MP: 3/3
  1785 | D:2      | Reached XP level 4. HP: 6/30 MP: 4/4
  1805 | D:2      | Noticed Terence
  1811 | D:2      | Noticed Robin
  1841 | D:2      | Slain by Robin

Action                   |  1- 3 |  4- 6 || total
-------------------------+-------+-------++-------
Melee: Short sword       |   193 |    13 ||   206
  Eat: Chunk             |     3 |       ||     3

Vault maps used:
D:1:      dpeg_arrival_arbitrary_c
D:2:      kennysheep_goblin_castle, lemuel_crystal_altar,
          nicolae_gozag_cash_rules_everything_around_me, uniq_terence
